 Dungeon Crawl Stone Soup version 0.28.0 (webtiles) character file.

Game seed: 342196072143379561

14 Descartes the Magician (level 2, -1/23 HPs)
             Began as a Djinni Warper on Feb 7, 2022.
             Slain by an adder (4 damage)
             ... on level 1 of the Dungeon.
             The game lasted 00:01:24 (1486 turns).

Descartes the Magician (Djinni Warper)              Turns: 1486, Time: 00:01:25

Health: -1/23      AC:  3    Str: 10    XL:     2   Next: 55%
Gold:   73         EV: 11    Int: 20    God:
                   SH:  0    Dex: 12

rFire   + + .      SeeInvis .   a - +0 falchion
rCold   x . .      Faith    .   (no shield)
rNeg    . . .      Spirit   .   b - +0 leather armour
rPois   ∞          Reflect  .   (no helmet)
rElec   .          Harm     .   (no cloak)
rCorr   .          Rampage  .   (no gloves)
Will    .....                   (boots unavailable)
Stlth   +.........              (no amulet)
HPRegen 0.07/turn               f - +6 ring of intelligence
MPRegen 0.00/turn               (no ring)

@: flying
A: sickness immunity, fire resistance 2, cold vulnerability 1, float, innate
caster, HP casting, extra vitality 1
a: no special abilities


You were on level 1 of the Dungeon.
You visited 1 branch of the dungeon, and saw 2 of its levels.

You collected 73 gold pieces.

Inventory:

Hand Weapons
 a - a +0 falchion (weapon)
Missiles
 d - 5 boomerangs of dispersal (quivered)
 m - 16 stones
Armour
 b - a +0 leather armour (worn)
Jewellery
 f - a +6 ring of intelligence (left hand)
 k - a ring of protection from cold
 l - a ring of resist corrosion
Scrolls
 c - 2 scrolls of blinking
 e - a scroll of silence {unknown}
 g - 3 scrolls of teleportation {unknown}
Potions
 h - a potion of heal wounds {unknown}
 i - a potion of curing {unknown}
 j - a potion of attraction {unknown}


   Skills:
 + Level 2.1 Fighting
 + Level 2.1 Long Blades
 + Level 0.7 Throwing
 + Level 1.0 Armour
 + Level 2.2 Dodging
 + Level 2.7 Spellcasting


You couldn't memorise any spells.
You knew the following spells:

 Your Spells              Type           Power      Damage    Failure   Level
a - Blink                 Tloc           26%        N/A       10%         2
b - Lesser Beckoning      Tloc           13%        N/A       21%         3
c - Gell's Gravitas       Tloc           13%        N/A       21%         3
d - Teleport Other        Tloc           13%        N/A       21%         3
e - Manifold Assault      Tloc           13%        N/A       88%         5
Your spell library was empty.

Dungeon Overview and Level Annotations

Branches:
Dungeon (2/15)

Altars:


Innate Abilities, Weirdness & Mutations

You are immune to sickness and miasma.
You are immune to poison.
Your flesh is very heat resistant. (rF++)
You are vulnerable to cold. (rC-)
You float through the air rather than walking.
You learn spells naturally, not from books.
Your magical power is your life essence.
You have superior vitality. (+4 MHP)


Message History

You hit the gnoll.
The gnoll is almost dead.
The gnoll hits you from afar with a +0 halberd!
The gnoll hits you with a +0 flail.
* * * LOW HITPOINT WARNING * * *
You are too injured to fight recklessly!
You are too injured to fight recklessly!
You are too injured to fight recklessly!
You are too injured to fight recklessly!
You are too injured to fight recklessly!
You are too injured to fight recklessly!
You are too injured to fight recklessly!
You are too injured to fight recklessly!
You are too injured to fight recklessly!
You are too injured to fight recklessly!
You are too injured to fight recklessly!
You are too injured to fight recklessly!
You are too injured to fight recklessly!
You are too injured to fight recklessly!
The adder barely misses you. The adder bites you but does no damage.
There is a stone staircase leading up here.
The adder bites you but does no damage.
You fly upwards.
There is a stone staircase leading down here.
You closely miss the adder. The adder bites you.
* * * LOW HITPOINT WARNING * * *
The adder barely misses you.
You closely miss the adder. The adder barely misses you.
You hit the adder but do no damage. The adder misses you.
The adder barely misses you.
You hit the adder.
The adder is lightly wounded.
The adder bites you.
* * * LOW HITPOINT WARNING * * *
The adder barely misses you.
You barely miss the adder.
The adder is lightly wounded.
The adder bites you.
You die...

.............#........####.##
.###.####....#....#...# #.# .#
#.# #.............# #)# .# #.#
#...##....#...# #.#
.###.####...##........# #.#
......................####.###
####.........................#
..##.####......S.........#.#.##
................@.............#
#.#..####................###.##
#.#..##................#.# #.#
#.#..##.#.....###.#.#....###.##
................#.............#
.........................###.##
#.#...............#.#.##.# #.#
#.#.#.#.#...#.###.#.#.##.# #.#
....#.#.......###.#.#.##.# #.#


You could see an adder.

Vanquished Creatures
  2 endoplasms (D:1)
  2 hobgoblins (D:1)
  A quokka (D:1)
  2 ball pythons (D:1)
  2 bats (D:1)
  A frilled lizard (D:1)
  A kobold (D:2)
  2 rats (D:1)
13 creatures vanquished.

Notes
Turn   | Place    | Note
-------+----------+-------------------------------------------
     0 | D:1      | Descartes the Djinni Warper began the quest for the Orb.
     0 | D:1      | Reached XP level 1. HP: 18/18 MP: 0/0
   284 | D:1      | Reached XP level 2. HP: 23/23 MP: 0/0
  1486 | D:1      | Slain by an adder

Illustrated notes

Levels and vault maps discovered:
D:1:      minmay_arrival_checkered_box, layout_basic
D:2:      layout_loops_cross, basic_altar, guppyfry_early_lair_pool

Skill      XL: |  1 |
---------------+----+-----
Long Blades    | 2 |  2.1
Fighting       | |  2.1
Throwing       | |  0.7
Armour         | |  1.0
Dodging        | |  2.2
Spellcasting   | |  2.7

Action                   || total
-------------------------++-------
Melee: Falchion          ||    55
Armor: Leather armour    ||    14
Dodge: Dodged            ||    43
